AoeStats
← aykc

Lombardia

509379324Analyzed
4v4 RM · 7d ago on Sep 26, 2026· 67m 18s· 8 players
Game mode
Random Map
Map size
Large (8 player)
Population
200
Speed
Normal
Resources
Standard
Victory
Conquest
Starting age
Dark Age
Ending age
Imperial Age
RankedLock teamsTeams togetherTeam positionsShared explorationLock speedFull tech treeHidden civsTurbo modeCheats
Victory
Defeat
🇭🇰 Berbers · Hong Kong SAR China
1253
+12
🇭🇰 Mongols · Hong Kong SAR China
1205
+14
🇭🇰 Danes · Hong Kong SAR China
1190
+15
🇭🇰 Magyars · Hong Kong SAR China
1187
+15
🇹🇼 Poles · Taiwan
1297
-19
🇹🇼 Varangians · Taiwan
1215
-16
🇹🇼 Persians · Taiwan
1173
-14
🇹🇼 Danes · Taiwan
978
-7
你失智多年的老杯
8:05 Loom
11:39 Feudal Age
17:23 Castle Age
15:15 Horse Collar
15:23 Double-Bit Axe
19:50 Scale Barding Armor
21:05 Szlachta Privileges
23:18 Chain Barding Armor
25:39 Bloodlines
25:42 Forging
27:25 Husbandry
29:18 Iron Casting
30:00 Bow Saw
31:29 Wheelbarrow
35:44 Imperial Age
34:33 Heavy Plow
37:00 Crop Rotation
35:52 Cavalier
37:33 Blast Furnace
36:58 Conscription
38:49 Hand Cart
42:07 Light Cavalry
43:10 Lechitic Legacy
43:57 Coinage
43:51 Winged Hussar
45:11 Scale Mail Armor
45:03 Fletching
46:11 Caravan
59:24 Town Watch
Python 1.6.21
5:20 Loom
8:51 Feudal Age
9:36 Double-Bit Axe
15:14 Forging
16:40 Scale Barding Armor
18:00 Wheelbarrow
22:10 Castle Age
24:39 Bow Saw
25:10 Town Watch
30:21 Hand Cart
30:46 Stone Mining
30:50 Gold Mining
34:20 Imperial Age
32:18 Fletching
33:20 Bodkin Arrow
33:26 Padded Archer Armor
33:42 Bloodlines
33:33 Husbandry
36:06 Conscription
36:44 Bracer
37:00 Leather Archer Armor
37:08 Cranequins
39:04 Ballistics
39:44 Chemistry
40:37 Ring Archer Armor
40:13 Caravan
40:37 Gothikon
41:45 Heavy Mounted Crossbowman
43:03 Masonry
43:00 Siege Engineers
44:49 Elite Skirmisher
46:10 Vendel Legacy
46:43 Gothikon
48:47 Chain Barding Armor
49:02 Iron Casting
48:24 Cavalier
51:49 Plate Barding Armor
52:15 Blast Furnace
51:28 Light Cavalry
RyougiShiki
8:26 Loom
10:18 Feudal Age
15:08 Castle Age
14:24 Horse Collar
14:45 Double-Bit Axe
20:28 Bow Saw
23:19 Gold Mining
23:22 Stone Mining
24:49 Wheelbarrow
29:04 Imperial Age
27:08 Scale Barding Armor
27:13 Forging
27:50 Hand Cart
27:46 Heavy Plow
28:24 Husbandry
29:15 Chain Barding Armor
28:45 Cavalier
29:43 Bloodlines
30:33 Crop Rotation
32:11 Two-Man Saw
31:11 Savar
33:34 Conscription
33:59 Forging
35:38 Light Cavalry
37:02 Plate Barding Armor
37:03 Iron Casting
37:19 Town Watch
37:20 Hussar
39:30 Gold Shaft Mining
42:15 Stone Shaft Mining
42:42 Blast Furnace
43:36 Capped Ram
44:53 Ballistics
44:31 Murder Holes
44:44 Kamandaran
45:37 Siege Ram
47:30 Caravan
48:02 Coinage
47:42 Guilds
47:27 Onager
50:24 Banking
61:08 Crossbowman
62:01 Town Patrol
68:33 Chemistry
十分鐘搬一次家
3:53 Loom
11:41 Feudal Age
16:33 Castle Age
24:17 Double-Bit Axe
24:13 Horse Collar
26:49 Fletching
34:05 Imperial Age
36:38 Wheelbarrow
37:58 Conscription
39:07 Onager
39:43 Pikeman
40:24 Squires
40:10 Arson
41:23 Halberdier
51:23 Caravan
55:13 Scale Mail Armor
55:24 Forging
58:00 Chain Mail Armor
58:20 Iron Casting
59:51 Plate Mail Armor
hctangaa
11:08 Feudal Age
11:39 Loom
12:53 Double-Bit Axe
14:23 Horse Collar
19:36 Castle Age
21:24 Wheelbarrow
20:50 Light Cavalry
21:31 Husbandry
21:41 Bloodlines
25:22 Bow Saw
28:20 Scale Barding Armor
29:23 Hand Cart
35:16 Imperial Age
33:07 Corvinian Army
33:18 Town Watch
33:33 Stone Mining
33:35 Gold Mining
34:46 Chain Barding Armor
35:26 Hussar
36:29 Conscription
38:39 Two-Man Saw
37:42 Heavy Plow
39:49 Crop Rotation
39:08 Elite Magyar Huszar
41:18 Gold Shaft Mining
41:15 Ballistics
40:52 Murder Holes
43:54 Cavalier
48:10 Hoardings
47:27 Paladin
50:34 Coinage
57:26 Banking
57:18 Masonry
56:49 Treadmill Crane
66:37 Fervor
pong0109
10:12 Loom
11:59 Feudal Age
14:53 Double-Bit Axe
15:45 Loom
15:54 Horse Collar
19:54 Castle Age
21:09 Bow Saw
21:01 Heavy Plow
27:35 Scale Mail Armor
27:46 Forging
30:07 Gold Mining
30:07 Stone Mining
35:37 Imperial Age
32:43 Man-at-Arms
36:52 Squires
36:38 Arson
36:39 Gambesons
37:20 Hamask
39:31 Northmen's Fury
40:31 Conscription
41:49 Elite Varangian Guard
44:18 Iron Casting
43:59 Chain Mail Armor
46:39 Wheelbarrow
47:17 Blast Furnace
49:09 Hand Cart
52:49 Elite Jomsviking
55:58 Pikeman
59:38 Town Watch
62:06 Onager
62:28 Halberdier
66:35 Siege Onager
aykc
10:08 Feudal Age
13:02 Loom
18:02 Castle Age
16:52 Double-Bit Axe
17:33 Horse Collar
18:07 Fletching
19:54 Padded Archer Armor
26:47 Heavy Plow
28:03 Husbandry
28:44 Ballistics
29:00 Bloodlines
29:47 Bow Saw
29:31 Gold Mining
30:19 Bodkin Arrow
35:20 Wheelbarrow
38:16 Imperial Age
37:45 Masonry
38:54 Hand Cart
40:36 Fortified Wall
41:28 Chemistry
41:34 Conscription
41:49 Elite Mangudai
45:07 Chemistry
47:44 Siege Engineers
48:54 Caravan
51:59 Drill
52:13 Capped Ram
55:24 Siege Ram
64:49 Onager
tlftommy
8:05 Loom
10:40 Feudal Age
12:20 Double-Bit Axe
17:03 Castle Age
15:47 Stone Mining
16:58 Gold Mining
22:40 Wheelbarrow
22:46 Bow Saw
22:48 Horse Collar
24:06 Scale Barding Armor
26:55 Forging
27:14 Hand Cart
31:15 Imperial Age
29:54 Iron Casting
29:21 Husbandry
30:32 Gold Shaft Mining
30:52 Stone Shaft Mining
30:33 Heavy Plow
31:02 Chain Barding Armor
31:53 Bloodlines
33:54 Blast Furnace
33:49 Plate Barding Armor
33:29 Town Watch
33:57 Siege Engineers
33:46 Fletching
34:34 Plate Barding Armor
34:22 Heavy Camel Rider
35:27 Conscription
36:16 Maghrebi Camels
38:13 Town Patrol
42:17 Chemistry
45:45 Light Cavalry
47:44 Caravan
48:01 Fletching
48:14 Padded Archer Armor
50:03 Hoardings
52:40 Bodkin Arrow
53:01 Leather Archer Armor
53:08 Ballistics
53:00 Masonry
53:17 Kasbah
54:49 Hussar
54:56 Hussar
59:09 Capped Ram
63:03 Crop Rotation
Connection lost

Rejoining the realm…

Still unreachable

The connection could not be restored.

Session expired

The server has moved on; the page needs a fresh start.